 Dungeon Crawl Stone Soup version 0.22-a0-608-g8a62e23 (webtiles) character file.

5996 Mamutox the Basher (level 10, -1/102 HPs)
             Began as a Troll Monk on July 9, 2018.
             Was a High Priest of Okawaru.
             Slain by a minotaur
             ... wielding a +0 trident of venom
              (9 damage)
             ... in a labyrinth.
             The game lasted 00:32:29 (8921 turns).

Mamutox the Basher (Troll Monk)                     Turns: 8921, Time: 00:32:29

Health: -1/102     AC: 15    Str: 26    XL:     10   Next: 55%
Magic:  7/12       EV:  8    Int:  6    God:    Okawaru [*****.]
Gold:   594        SH: 16    Dex: 15    Spells: 9/9 levels left

rFire    . . .     SeeInvis .   f - +3 morningstar (protect)
rCold    . . .     Gourm    +   C - +0 large shield
rNeg     . . .     Faith    .   i - +0 robe
rPois    .         Spirit   .   (helmet restricted)
rElec    .         Reflect  .   M - +0 cloak
rCorr    .         Harm     .   (gloves unavailable)
MR       +....                  (boots unavailable)
Stlth    ++........             b - amulet of regeneration
HPRegen  1.07/turn              g - ring of protection from magic
MPRegen  0.13/turn              y - +2 ring of protection

@: mighty, lethally poisoned (-1 -> -4), finesse, protection aura
A: large, unfitting armour, claws 3, fast metabolism 3, gourmand, regeneration
1, shaggy fur 1, tough skin 2
a: Heroism, Finesse, Renounce Religion


You were in a labyrinth.
You worshipped Okawaru.
Okawaru was extremely pleased with you.
You were not hungry.

You visited 3 branches of the dungeon, and saw 11 of its levels.
You also visited: Labyrinth.

You collected 594 gold pieces.

Inventory:

Hand Weapons
 f - a +3 morningstar of protection (weapon)
 h - a +1 whip of electrocution
Missiles
 n - 6 steel tomahawks (quivered)
 o - 4 tomahawks of returning
 p - 32 poisoned needles
 A - 3 needles of sleeping
 D - 2 throwing nets
 N - 7 tomahawks
Armour
 i - a +0 robe (worn)
 C - a +0 large shield (worn)
 M - a +0 cloak (worn)
Jewellery
 b - an amulet of regeneration (around neck)
 g - a ring of protection from magic (left claw)
 l - an uncursed ring of fire
 y - a +2 ring of protection (right claw)
 B - an uncursed amulet of guardian spirit
 I - an uncursed ring of protection from magic
 P - an uncursed ring of see invisible {unknown}
 Q - an uncursed ring of stealth {unknown}
 R - a +4 ring of slaying {unknown}
Wands
 w - a wand of digging (26)
 G - a wand of disintegration (36)
 H - a wand of flame (47)
 J - a wand of paralysis (35)
 K - a wand of random effects (37)
 O - a wand of polymorph (34)
Scrolls
 d - 3 scrolls of magic mapping
 e - 3 scrolls of enchant weapon
 j - 2 scrolls of teleportation
 k - 4 scrolls of remove curse
 q - 2 scrolls of amnesia
 u - a scroll of fear {unknown}
 x - 2 scrolls of enchant armour {unknown}
Potions
 a - a potion of heal wounds
 m - 7 potions of curing
 r - a potion of brilliance {unknown}
 s - 2 potions of might
 t - a potion of cancellation {unknown}
 v - a potion of berserk rage {unknown}
 z - a potion of agility {unknown}
 E - 4 potions of degeneration {unknown}
 F - a potion of magic {unknown}
 L - a potion of flight {unknown}
Comestibles
 c - 23 rations


   Skills:
 + Level 7.4 Fighting
 + Level 9.4 Maces & Flails
 - Level 2.5 Throwing
 - Level 2.4 Dodging
 - Level 1.6 Stealth
 - Level 6.0 Shields
 - Level 4.2 Invocations


You had 9 spell levels left.
You didn't know any spells.
Your spell library contained the following spells:

 Spells                   Type           Power        Failure   Level  Hunger
 Magic Dart               Conj           #...         98%         1    ##.....
 Conjure Flame            Conj/Fire      #.......     100%        3    ####...
 Slow                     Hex            #.......     99%         2    ###....
 Confuse                  Hex            #.......     100%        3    ####...
 Mephitic Cloud           Conj/Pois/Air  #.......     100%        3    ####...
 Blink                    Tloc           N/A          99%         2    ###....
 Pain                     Necr           #...         98%         1    ##.....
 Call Imp                 Summ           #.......     99%         2    ###....
 Tukima's Dance           Hex            #.......     100%        3    ####...
 Ensorcelled Hibernation  Hex/Ice        #.....       99%         2    ###....
 Corona                   Hex            #......      98%         1    ##.....
 Dazzling Spray           Conj/Hex       #.....       100%        3    ####...


Dungeon Overview and Level Annotations

Branches:
Dungeon (9/15)             Temple (1/1) D:4            Lair (1/6) D:9
    Orc: D:9-12

Altars:
Ashenzari
Cheibriados
Dithmenos
Elyvilon
Fedhas
Gozag
Hepliaklqana
Kikubaaqudgha
Makhleb
Nemelex Xobeh
Okawaru
Qazlal
Ru
Sif Muna
Trog
Uskayaw
Vehumet
Wu Jian
Xom
Yredelemnul
Zin
The Shining One


Innate Abilities, Weirdness & Mutations

You are too large for most types of armour.
You have claws for hands.
Your metabolism is lightning-fast.
You like to eat raw meat.
Your natural rate of healing is unusually fast.
You are covered in fur. (AC +1)
You have very tough skin. (AC +2)


Message History

You hit the minotaur but do no damage.
The minotaur is moderately wounded.
The minotaur hits you with a trident of venom!!
* * * LOW HITPOINT WARNING * * *
You are more poisoned.
You block the minotaur's attack. The minotaur blocks your attack.
The minotaur is moderately wounded.
You feel sick.
You feel better. You block the minotaur's attack. x2
You impale the minotaur!!
The minotaur is severely wounded.
You block the minotaur's attack. The minotaur gores you!
* * * LOW HITPOINT WARNING * * *
You feel much better.
The minotaur hits you with a trident of venom!!
* * * LOW HITPOINT WARNING * * *
You are poisoned.
The minotaur gores you!
You die...

#. ...# # . #
#.# #.#. #..
#.. .... # .
. ...# #
#######..
.##.#≈
#.#.####.
.....
#≈≈.#.#...(..
###
..#≈<...H..#
#. . ≈.#.#@.#
. .#. # #
#.## ..
#######..#
####. .
.....##
.........#.
.#.#. . . .
##.#. #. .# .
. .. ..#. #
## .###.# #.#
#.# .


You could see a minotaur.

Vanquished Creatures
  2 two-headed ogres (D:8)
  A spiny frog (Lair:1)
  Prince Ribbit (D:8)
  2 hippogriffs
  Sigmund (D:5)
  5 yaks
  A hungry ghost (D:9)
  2 basilisks (D:9)
  Menkaure (D:6)
  2 water moccasins
  A porcupine (Lair:1)
  3 ice beasts
  A black bear (D:7)
  An orc warrior (D:7)
  A phantom (D:4)
  A necrophage (D:7)
  2 ogres
  2 big kobolds
  Blork the orc (D:5)
  A bullfrog (D:7)
  2 scorpions
  2 crimson imps
  9 orc priests
  Crazy Yiuf (D:7)
  A hound (D:8)
  3 orc wizards
  Jessica (D:3)
  An iguana (D:7)
  5 worker ants
  7 gnolls
  7 adders
  2 shadow imps (D:6)
  2 oozes
  2 adder skeletons
  4 worms
  9 dart slugs
  5 leopard geckos
  29 orcs
  9 bats
  6 giant cockroaches
  8 goblins
  5 hobgoblins
  6 jackals
  4 quokkas
  3 ball pythons
  3 frilled lizards
  13 kobolds
  A quokka zombie (D:6)
  7 rats
189 creatures vanquished.

Vanquished Creatures (others)
  An orc (D:4)
  A fungus (Lair:1)
2 creatures vanquished.

Grand Total: 191 creatures vanquished

Notes
Turn   | Place    | Note
-------+----------+-------------------------------------------
     0 | D:1      | Mamutox the Troll Monk began the quest for the Orb.
     0 | D:1      | Reached XP level 1. HP: 22/22 MP: 0/0
    47 | D:1      | Reached skill level 3 in Maces & Flails
   122 | D:1      | Reached XP level 2. HP: 29/29 MP: 1/1
   175 | D:1      | You fall through a shaft!
   190 | D:2      | Found a snail-covered altar of Cheibriados.
   265 | D:2      | Reached XP level 3. HP: 31/36 MP: 2/2
   396 | D:2      | Reached skill level 4 in Maces & Flails
   447 | D:2      | Found a blossoming altar of Fedhas.
   447 | D:2      | Found a sparkling altar of Nemelex Xobeh.
   747 | D:3      | Reached XP level 4. HP: 43/44 MP: 3/3
   884 | D:3      | Noticed Jessica
   888 | D:3      | Killed Jessica
   888 | D:3      | Reached skill level 5 in Maces & Flails
  1031 | D:3      | Noticed an ice beast
  1046 | D:3      | Killed an ice beast
  1046 | D:3      | Reached XP level 5. HP: 14/50 MP: 4/4
  1303 | D:2      | Reached skill level 6 in Maces & Flails
  2725 | D:3      | Found a radiant altar of Vehumet.
  2725 | D:3      | Found an ancient bone altar of Kikubaaqudgha.
  2726 | D:3      | Found a deep blue altar of Sif Muna.
  2731 | D:3      | Identified Kikubaaqudgha's Tome of Unholy Magic
  2902 | D:4      | Reached XP level 6. HP: 43/59 MP: 5/5
  3198 | D:4      | Found a white marble altar of Elyvilon.
  3237 | D:4      | Reached skill level 7 in Maces & Flails
  3387 | D:4      | Reached XP level 7. HP: 54/66 MP: 6/6
  3471 | D:4      | Reached skill level 1 in Throwing
  3541 | D:4      | Found a staircase to the Ecumenical Temple.
  3552 | Temple   | Entered the Ecumenical Temple
  3874 | D:4      | Found a bloodstained altar of Trog.
  3874 | D:4      | Found an iron altar of Okawaru.
  3885 | D:4      | Became a worshipper of Warmaster Okawaru
  3885 | D:4      | Reached * piety under Okawaru
  3885 | D:4      | Reached ** piety under Okawaru
  4142 | D:5      | Entered Level 5 of the Dungeon
  4175 | D:5      | Noticed Blork the orc
  4186 | D:5      | Killed Blork the orc
  4256 | D:5      | Reached skill level 1 in Invocations
  4678 | D:5      | Found a hide-covered altar of Uskayaw.
  4792 | D:5      | Noticed Sigmund
  4799 | D:5      | Killed Sigmund
  4799 | D:5      | Reached skill level 1 in Shields
  4799 | D:5      | Reached XP level 8. HP: 78/78 MP: 5/8
  5108 | D:6      | Reached *** piety under Okawaru
  5360 | D:6      | Noticed Menkaure
  5367 | D:6      | Killed Menkaure
  5367 | D:6      | Reached skill level 5 in Fighting
  5367 | D:6      | Reached XP level 9. HP: 45/88 MP: 11/11
  6244 | D:7      | Reached **** piety under Okawaru
  6361 | D:7      | Found a runed door.
  6366 | D:7      | Noticed Crazy Yiuf
  6373 | D:7      | Killed Crazy Yiuf
  6854 | D:8      | Noticed a two-headed ogre
  6864 | D:8      | Killed a two-headed ogre
  6864 | D:8      | Reached skill level 8 in Maces & Flails
  6981 | D:8      | Reached skill level 5 in Shields
  7346 | D:8      | Noticed a two-headed ogre
  7347 | D:8      | Found a hazy altar of Hepliaklqana.
  7357 | D:8      | Killed a two-headed ogre
  7357 | D:8      | Reached XP level 10. HP: 76/100 MP: 9/12
  7763 | D:9      | Found a staircase to the Lair.
  7763 | D:9      | Noticed Prince Ribbit
  7786 | D:8      | Killed Prince Ribbit
  8134 | D:9      | Reached skill level 9 in Maces & Flails
  8204 | D:9      | Reached ***** piety under Okawaru
  8510 | Lair:1   | Entered Level 1 of the Lair of Beasts
  8575 | Lair:1   | Noticed a spiny frog
  8596 | Lair:1   | Killed a spiny frog
  8663 | Lair:1   | Found a labyrinth entrance.
  8667 | Lair:1   | Noticed a spiny frog
  8671 | Lair:1   | Noticed a spiny frog
  8673 | Lab      | Entered a labyrinth
  8891 | Lab      | Noticed a minotaur
  8921 | Lab      | Slain by a minotaur

Vault maps used:
D:1:      lightli_arrival_noodles, st_stairs_7
D:2:      lemuel_crystal_altar, nicolae_overflow_hidden_temple,
          minmay_misc_feat_rows
D:3:      grunt_temple_overflow_magic_moments, hangedman_decor_lopped,
          uniq_jessica
D:4:      kennysheep_slugbush, grunt_temple_overflow_bloody_war,
          elyvilon_altar_3, temple_hall, first_ration
D:5:      marbit_many_paths, uniq_blork_the_orc, uniq_sigmund
D:6:      serial_glass, glass_columns_b, glass_columns_b, uniq_menkaure
D:7:      uniq_crazy_yiuf_cottage
D:8:      old_standard_altar, blue_anna_alchemist
D:9:      david_lair_generic, uniq_prince_ribbit1
Temple:   jpeg_temple_clearing
Lair:1:   lab_entry_generic, minmay_lair_oklob_chamber, serial_bayou_shore_b
Lab:      labyrinth_watery, nicolae_lab_statue, labyrinth_fake_exit

Skill      XL: |  1  2  3  4  5  6  7  8  9 10 |
---------------+-------------------------------+-----
Maces & Flails | 3 4 5 6 7 8 9 |  9.4
Throwing       | 2 |  2.5
Fighting       | 3 5 6 7 |  7.4
Invocations    | 2 4 |  4.2
Shields        | 1 3 5 6 |  6.0
Dodging        | |  2.4
Stealth        | |  1.6

Action                   |  1- 3 |  4- 6 |  7- 9 | 10-12 || total
-------------------------+-------+-------+-------+-------++-------
Melee: Mace              |    77 |    24 |       |       ||   101
       Morningstar       |    26 |   178 |   229 |   127 ||   560
Invok: Heroism           |       |       |    10 |     5 ||    15
       Finesse           |       |       |       |     1 ||     1
  Use: Scroll            |       |     8 |     3 |     1 ||    12
       Potion            |       |       |       |     3 ||     3
 Stab: Sleeping          |     1 |     6 |     6 |     1 ||    14
       Distracted        |       |       |     1 |       ||     1
  Eat: Chunk             |    13 |    24 |    37 |     4 ||    78
       Ration            |       |       |       |     2 ||     2
Armor: Robe              |    31 |   113 |    65 |    24 ||   233
Dodge: Dodged            |    68 |   119 |    80 |    35 ||   302
Block: Large shield      |       |       |    70 |    99 ||   169

Table legend:
 A = Spawn XP
 B = Non-spawn XP
 C = Spawn XP percentage of total XP
 D = Spawn monster count
 E = Non-spawn monster count
 F = Spawn count percentage of total count
 G = Total turns spent on level
                    A         B        C        D         E        F      G
               +---------+---------+-------+---------+---------+-------+---------
         Total |       0 |    8567 |   0.0 |       0 |     190 |   0.0 |  8921
               +---------+---------+-------+---------+---------+-------+---------
           D:1 |       0 |      47 |   0.0 |       0 |      27 |   0.0 |   853
           D:2 |       0 |      72 |   0.0 |       0 |      21 |   0.0 |  1002
           D:3 |       0 |     314 |   0.0 |       0 |      28 |   0.0 |  1113
           D:4 |       0 |     508 |   0.0 |       0 |      26 |   0.0 |  1026
           D:5 |       0 |     703 |   0.0 |       0 |      21 |   0.0 |   802
           D:6 |       0 |    1342 |   0.0 |       0 |      16 |   0.0 |   964
           D:7 |       0 |     938 |   0.0 |       0 |      18 |   0.0 |   907
           D:8 |       0 |    2771 |   0.0 |       0 |      16 |   0.0 |   951
           D:9 |       0 |    1175 |   0.0 |       0 |      14 |   0.0 |   744
        Lair:1 |       0 |     697 |   0.0 |       0 |       3 |   0.0 |   163
               +---------+---------+-------+---------+---------+-------+---------
